 Dungeon Crawl Stone Soup version 0.22-a0-307-g2b15929 (webtiles) character file.

107 pyz3n the Cudgeler (level 4, 41/41 HPs)
             Began as a Minotaur Berserker on Mar 21, 2018.
             Was a Priest of Trog.
             Quit the game on level 2 of the Dungeon on Apr 1, 2018.
             The game lasted 00:26:23 (1557 turns).

pyz3n the Cudgeler (Minotaur Berserker)             Turns: 1557, Time: 00:26:24

Health: 41/41      AC:  4    Str: 23    XL:     4   Next: 57%
Magic:  3/3        EV: 11    Int:  4    God:    Trog [***...]
Gold:   105        SH:  3    Dex:  9    Spells: 3/3 levels left

rFire    . . .     SeeInvis +   a - +0 mace
rCold    . . .     Gourm    .   o - +0 buckler
rNeg     . . .     Faith    .   u - +0 leather armour
rPois    .         Spirit   .   (helmet restricted)
rElec    .         Reflect  .   (no cloak)
rCorr    .         Harm     .   d - +0 pair of gloves
MR       .....                  (no boots)
Stlth    +.........             (no amulet)
HPRegen  0.13/turn              n - ring of see invisible
MPRegen  0.08/turn              (no ring)

@: no status effects
A: retaliatory headbutt, horns 2
a: Berserk, Trog's Hand, Renounce Religion


You were on level 2 of the Dungeon.
You worshipped Trog.
Trog was most pleased with you.
You were not hungry.

You visited 1 branch of the dungeon, and saw 2 of its levels.

You collected 105 gold pieces.

Inventory:

Hand Weapons
 a - a +0 mace (weapon)
 b - a +0 hunting sling
Missiles
 e - 5 tomahawks of returning (quivered)
 i - 15 bolts
 s - 17 stones
Armour
 d - a +0 pair of gloves (worn)
 o - a +0 buckler (worn)
 u - a +0 leather armour (worn)
 v - a +0 animal skin
Jewellery
 n - a ring of see invisible (left hand)
Scrolls
 g - a scroll of fog {unknown}
 h - 3 scrolls of teleportation {unknown}
 k - a scroll of fear {unknown}
 l - a scroll of enchant armour {unknown}
 m - 2 scrolls of remove curse {unknown}
 p - a scroll of enchant weapon {unknown}
 q - 2 scrolls of magic mapping {unknown}
 r - a scroll of identify {unknown}
Potions
 f - 2 potions of curing {unknown}
 j - 2 potions of heal wounds {unknown}
Comestibles
 c - a ration


   Skills:
 + Level 4.3 Fighting
 * Level 5.1 Maces & Flails
 + Level 3.4 Armour
 - Level 2.1 Dodging
 + Level 1.3 Shields


You had 3 spell levels left.
You didn't know any spells.

Dungeon Overview and Level Annotations

Branches:
Dungeon (2/15)

Altars:


Innate Abilities, Weirdness & Mutations

You reflexively headbutt those who attack you in melee.
You have a pair of horns on your head.


Message History

Press ? for a list of commands and other information.
Welcome back, pyz3n the Minotaur Berserker.
Trog says: Kill them all!
Press ? for a list of commands and other information.
Welcome back, pyz3n the Minotaur Berserker.
Trog says: Kill them all!
Press ? for a list of commands and other information.
Welcome back, pyz3n the Minotaur Berserker.
Trog says: Kill them all!
Press ? for a list of commands and other information.
Welcome back, pyz3n the Minotaur Berserker.
Trog says: Kill them all!
Press ? for a list of commands and other information.
Welcome back, pyz3n the Minotaur Berserker.
Trog says: Kill them all!
Press ? for a list of commands and other information.
Welcome back, pyz3n the Minotaur Berserker.
Trog says: Kill them all!
Press ? for a list of commands and other information.
Are you sure you want to abandon this character and quit the game? (Confirm with "yes".)

..# #....<...# #.# #........#
#..# #........#
##.###.......<# ....(.. #
..##)######## ....... #
#.##.# .......
###>##.##############..()...
...รท................+.......
####.#)#.#.#####@####.......
#.#...#.# #.....#..(....
#..##.#.# #......)...... #
##.##.#.# #.###.######## #
#.##.#.# #.# #.#
#####..#.#.####.# #.#
.........#......# #.#
######.#.######## #.# # #...#
#.#


There were no monsters in sight!

Vanquished Creatures
  3 adders (D:2)
  A worm (D:2)
  3 dart slugs
  2 leopard geckos
  3 ball pythons
  7 bats
  3 giant cockroaches (D:1)
  6 goblins
  13 hobgoblins
  4 jackals
  2 quokkas (D:2)
  7 frilled lizards
  5 kobolds
  7 rats
66 creatures vanquished.

Notes
Turn   | Place    | Note
-------+----------+-------------------------------------------
     0 | D:1      | pyz3n the Minotaur Berserker began the quest for the Orb.
     0 | D:1      | Reached XP level 1. HP: 19/19 MP: 0/0
    96 | D:1      | Reached skill level 4 in Maces & Flails
    99 | D:1      | Reached XP level 2. HP: 27/27 MP: 1/1
   497 | D:1      | Reached XP level 3. HP: 33/33 MP: 2/2
   502 | D:1      | Reached ** piety under Trog
  1022 | D:2      | Reached XP level 4. HP: 40/40 MP: 3/3
  1037 | D:2      | Reached skill level 1 in Shields
  1179 | D:2      | Reached skill level 5 in Maces & Flails
  1407 | D:2      | Reached *** piety under Trog
  1557 | D:2      | Upgraded the game from 0.22-a0-284-g99d1f74 to 0.22-a0-307-g2b15929
  1557 | D:2      | Quit the game

Vault maps used:
D:1:      onia_arrival_pyramid, minmay_pentomino_w4

Skill      XL: |  1  2  3  4 |
---------------+-------------+-----
Maces & Flails | 4 5 |  5.1
Fighting       | 4 |  4.3
Armour         | 3 |  3.4
Shields        | 1 |  1.3
Dodging        | |  2.1

Action                   |  1- 3 |  4- 6 || total
-------------------------+-------+-------++-------
Melee: Mace              |    45 |    21 ||    66
       Headbutt          |     9 |     4 ||    13
 Fire: Hunting sling     |       |    11 ||    11
Throw: Tomahawk          |    54 |     9 ||    63
Invok: Berserk           |     3 |       ||     3
  Eat: Ration            |     1 |       ||     1
       Chunk             |       |     1 ||     1
Armor: Animal skin       |     8 |     1 ||     9
       Leather armour    |       |     2 ||     2
Dodge: Dodged            |    36 |    26 ||    62
Block: Buckler           |     1 |     2 ||     3

Table legend:
 A = Spawn XP
 B = Non-spawn XP
 C = Spawn XP percentage of total XP
 D = Spawn monster count
 E = Non-spawn monster count
 F = Spawn count percentage of total count
 G = Total turns spent on level
                    A         B        C        D         E        F      G
               +---------+---------+-------+---------+---------+-------+---------
         Total |       0 |     154 |   0.0 |       0 |      66 |   0.0 |  1557
               +---------+---------+-------+---------+---------+-------+---------
           D:1 |       0 |      62 |   0.0 |       0 |      33 |   0.0 |   925
           D:2 |       0 |      92 |   0.0 |       0 |      33 |   0.0 |   632
               +---------+---------+-------+---------+---------+-------+---------
